 Dungeon Crawl Stone Soup version 0.29-a0-998-g1987434951 (webtiles) character file.

Game seed: 16434174770972763204

119 Zexes9 the Chopper (level 4, -3/38 HPs)
             Began as a Minotaur Gladiator on Aug 5, 2022.
             Was a Believer of Dithmenos.
             Slain by Grinder (5 damage)
             ... on level 4 of the Dungeon.
             The game lasted 00:10:27 (2841 turns).

Zexes9 the Chopper (Minotaur Gladiator)             Turns: 2841, Time: 00:10:27

Health: -3/38      AC:  6    Str: 21    XL:     4   Next: 73%
Magic:  0/3        EV: 12    Int:  5    God:    Dithmenos [**....]
Gold:   165        SH:  0    Dex: 11    Spells: 3/3 levels left

rFire   . . .      SeeInvis .   a - +0 war axe
rCold   . . .      Faith    .   (no shield)
rNeg    . . .      Spirit   +   o - +2 leather armour {Will+}
rPois   .          Reflect  .   c - +0 hat
rElec   .          Harm     .   (no cloak)
rCorr   .          Rampage  .   l - +0 pair of gloves
Will    +....                   (no boots)
Stlth   +.........              q - amulet of guardian spirit
HPRegen 0.12/turn               (no ring)
MPRegen 0.08/turn               (no ring)

@: wreathed by umbra
A: horns 2, retaliatory headbutt
a: Renounce Religion, Shadow Step


You were on level 4 of the Dungeon.
You worshipped Dithmenos.
Dithmenos was pleased with you.
You visited 1 branch of the dungeon, and saw 4 of its levels.

You collected 260 gold pieces.
You spent 95 gold pieces at shops.

Inventory:

Hand Weapons
 a - a +0 war axe (weapon)
Missiles
 d - a throwing net (quivered)
 e - 4 javelins
Armour
 b - a +0 leather armour
 c - a +0 hat (worn)
 l - a +0 pair of gloves (worn)
 o - a +2 leather armour of willpower (worn)
Jewellery
 q - an amulet of guardian spirit (around neck)
Scrolls
 f - a scroll of summoning {unknown}
 i - 2 scrolls of identify
 j - a scroll of teleportation {unknown}
 k - a scroll of vulnerability {unknown}
 m - a scroll of noise {unknown}
 s - a scroll of silence {unknown}
Potions
 g - 2 potions of cancellation
 h - 4 potions of curing
 n - a potion of heal wounds {unknown}
 p - a potion of flight {unknown}
 r - a potion of might {unknown}
 t - a potion of mutation {unknown}


   Skills:
 + Level 3.1 Fighting
 + Level 5.3 Axes
 + Level 2.1 Throwing
 + Level 2.1 Armour
 + Level 3.7 Dodging
 + Level 0.4 Stealth


You had 3 spell levels left.
You didn't know any spells.
Your spell library contained the following spells:

 Spells                   Type           Power      Damage    Failure   Level
 Summon Small Mammal      Summ           0%         N/A       52%         1
 Call Canine Familiar     Summ           0%         N/A       88%         3
 Ignite Poison            Fire/Tmut/Pois 0%         N/A       88%         3
 Mephitic Cloud           Conj/Pois/Air  0%         N/A       88%         3
 Summon Guardian Golem    Hex/Summ       0%         N/A       88%         3
 Freezing Cloud           Conj/Ice/Air   0%         6-21      100%        5


Dungeon Overview and Level Annotations

Branches:
Dungeon (4/15)
 Temple: D:4-7

Altars:
Dithmenos

Shops:
D:2 [   D:3 [

Annotations:
D:4 Grinder


Innate Abilities, Weirdness & Mutations

You have a pair of horns on your head.
You reflexively headbutt those who attack you in melee.


Message History

Aim: Grinder, carrying a wand of roots (7) (53% to hit)
You throw a javelin. The javelin barely misses Grinder.
The grasping roots constrict you.
Okay, then.
Throw: 3 throwing nets
Press: ? - help, Q - select action, (/) - cycle Shift-Dir - straight line, f/p - Grinder
Aim: Grinder, carrying a wand of roots (7) (53% to hit)
You throw a throwing net. The throwing net barely misses Grinder.
Grinder blinks!
The grasping roots constrict you.
The grasping roots release their grip on you.
Throw: 2 throwing nets
Press: ? - help, Q - select action, (/) - cycle Shift-Dir - straight line, f/p - Grinder
Aim: Grinder, carrying a wand of roots (7) (umbra, 53% to hit)
You throw a throwing net. The throwing net barely misses Grinder.
Grinder blinks!
Grinder says, "I used to sell toenails on the black market."
Grinder gestures at you.
You easily resist.
You hit Grinder but do no damage. You headbutt Grinder!
Grinder is moderately wounded.
Grinder says, "There's only one good use for a tongue: cutting it out."
Grinder hits you.
You slash Grinder!
Grinder is heavily wounded.
Grinder closely misses you.
You hit Grinder but do no damage. Your headbutt misses Grinder.
Grinder is heavily wounded.
Grinder hits you.
You writhe in agony.
Grinder hits you.
* * * LOW HITPOINT WARNING * * *
You writhe in agony.
* * * LOW HITPOINT WARNING * * *
You slash Grinder!
Grinder is severely wounded.
Grinder hits you but does no damage.
You slash Grinder! Your headbutt misses Grinder.
Grinder is almost dead.
Grinder hits you!
* * * LOW HITPOINT WARNING * * *
You writhe in agony.
You die...

..............#
#######.......#
#.......###
#..........
#...(..###
#.....##
###...# #.5.#
##@## #.# #.#
#.# #.# #.# ..#
#(# ###


You could see Grinder.

Vanquished Creatures
  5 adders
  2 worms
  A dart slug (D:2)
  2 orcs (D:3)
  4 endoplasms
  2 giant cockroaches
  3 goblins
  4 hobgoblins
  4 jackals (D:2)
  6 kobolds
  A quokka (D:1)
  4 ball pythons
  2 bats
  12 frilled lizards
  16 rats
68 creatures vanquished.

Notes
Turn   | Place    | Note
-------+----------+-------------------------------------------
     0 | D:1      | Zexes9 the Minotaur Gladiator began the quest for the Orb.
     0 | D:1      | Reached XP level 1. HP: 18/18 MP: 0/0
   234 | D:1      | Reached skill level 4 in Axes
   262 | D:1      | Reached XP level 2. HP: 25/25 MP: 1/1
   360 | D:1      | Found a faded altar of an unknown god.
   386 | D:1      | Prayed at the altar of an unknown god.
   386 | D:1      | Became a worshipper of Dithmenos the Shadowed
   386 | D:1      | Reached * piety under Dithmenos
   803 | D:2      | Reached XP level 3. HP: 26/30 MP: 2/2
   845 | D:2      | Reached skill level 1 in Armour
   852 | D:2      | Reached ** piety under Dithmenos
  1250 | D:2      | Found Hilurph's Antique Armour Emporium.
  1274 | D:2      | Bought a glowing leather armour for 95 gold pieces
  1353 | D:2      | Reached skill level 5 in Axes
  1353 | D:2      | Reached XP level 4. HP: 38/38 MP: 3/3
  2027 | D:3      | Found Jewnoydd's Armour Shoppe.
  2824 | D:4      | Noticed Grinder
  2841 | D:4      | Slain by Grinder

Illustrated notes

Levels and vault maps discovered:
D:1:      dpeg_arrival_pits, layout_basic, nicolae_ecumenical_lake_church,
          minmay_lizard_pond
D:2:      minmay_door_path, layout_basic, serial_shops, shop,
          minmay_rat_gold_closets, uniq_jessica
D:3:      layout_loops_corners, serial_shops, shop,
          chequers_serial_rivers_large_b, minmay_misc_feat_nine_boxes
D:4:      layout_basic, led_sif_pool, okawaru_altar_gauntlet_db, uniq_sigmund,
          uniq_grinder

Skill      XL: |  1  2  3  4 |
---------------+-------------+-----
Axes           | 4 5 |  5.3
Armour         | 1 2 |  2.1
Fighting       | 3 |  3.1
Throwing       | |  2.1
Dodging        | |  3.7
Stealth        | |  0.4

Action                   |  1- 3 |  4- 6 || total
-------------------------+-------+-------++-------
Melee: War axe           |    82 |    46 ||   128
       Headbutt          |     6 |     4 ||    10
Throw: Javelin           |       |     2 ||     2
       Throwing net      |       |     2 ||     2
  Use: Scroll            |     2 |       ||     2
 Stab: Sleeping          |     1 |       ||     1
Armor: Leather armour    |    18 |     7 ||    25
Dodge: Dodged            |    55 |    26 ||    81

Table legend: (Time is in decaauts)
 A = Elapsed time spent in this place.
 B = Non-inter-level travel time spent in this place.
 C = Inter-level travel time spent in this place.
 D = Time resting spent in this place.
 E = Time spent auto-exploring this place.
 F = Levels seen in this place.
 G = Mean time per level.
                   A        B        C        D        E       F      G
               +--------+--------+--------+--------+--------+-----+--------+
         Total |   2901 |   2806 |     95 |    703 |   1460 |   4 |  725.2 |
       Dungeon |   2901 |   2806 |     95 |    703 |   1460 |   4 |  725.2 |
               +--------+--------+--------+--------+--------+-----+--------+

Top non-repeatable levels by time:
     D:3: 1322 daAuts
     D:2: 854 daAuts
     D:1: 662 daAuts
     D:4: 63 daAuts
